AoeStats
← Tarklow

Arena

510406324Analyzed
2v2 RM · 1d ago on Sep 30, 2026· 22m 34s· 4 players
Game mode
Random Map
Map size
Medium (4 player)
Population
200
Speed
Normal
Resources
Standard
Victory
Conquest
Starting age
Dark Age
Ending age
Imperial Age
RankedLock teamsTeams togetherTeam positionsShared explorationLock speedFull tech treeHidden civsTurbo modeCheats
Victory
Defeat
🇬🇧 Bohemians · United Kingdom
717
+15
🇬🇧 Bohemians · United Kingdom
713
+16
🇸🇰 Saxons · Slovakia
743
-17
🇪🇸 Inca · Spain
668
-14
sparker_steve
12:00 Feudal Age
15:39 Castle Age
14:59 Double-Bit Axe
15:53 Fletching
18:09 Loom
robjoepeters
11:54 Feudal Age
15:52 Castle Age
15:24 Double-Bit Axe
15:22 Horse Collar
Triskitero501
0:30 Loom
15:57 Feudal Age
20:39 Castle Age
18:32 Double-Bit Axe
18:57 Gold Mining
19:02 Stone Mining
19:05 Horse Collar
21:05 Forging
21:45 Scale Mail Armor
22:16 Squires
21:37 Champi Runner
Tarklow
13:18 Feudal Age
14:42 Double-Bit Axe
15:02 Gold Mining
15:04 Horse Collar
22:23 Castle Age
Connection lost

Rejoining the realm…

Still unreachable

The connection could not be restored.

Session expired

The server has moved on; the page needs a fresh start.